Map: [ESL] Hard Lead

Players

Creator - Winner!

  • Race: Protoss Protoss
  • Spawn Location: 5:00

Kelazhur

  • Race: Terran Terran
  • Spawn Location: 11:00

Event: ESL SC2 Masters 2023 Winter (Finals)

VOD

Have the link to the VOD?

Description

Time

  • Played on: Dec. 16, 2023, 9:30 a.m.
  • Length: 11:35

All games in this series

Show
View Real Time Build Order
Export as new Build Order

Creator Protoss - Winner!

Build Orders: Oracle Opening 

Get SALT Encoding   

  12  0:00  Probe  
  13  0:12  Probe  
  14  0:18  Pylon  
  14  0:24  Probe (Chrono Boost)  
  15  0:36  Gateway, Probe (Chrono Boost)  
  16  0:45  Assimilator, Probe (Chrono Boost)  
  17  0:51  Probe  
  17  0:53  Assimilator  
  18  1:03  Probe  
  19  1:15  Probe  
  20  1:23  Cybernetics Core  
  20  1:24  Zealot  
  20  1:25  Pylon  
  22  1:27  Probe  
  23  1:43  Probe  
  24  1:55  Probe  
  24  1:57  Adept (Chrono Boost)  
  24  2:00  Stargate  
  18  2:01  Warp Gate  
  27  2:20  Pylon, Adept  
  29  2:41  Oracle (Chrono Boost)  
  30  2:57  Probe  
  31  3:00  Nexus  
  31  3:08  Oracle (Chrono Boost)  
  31  3:10  Probe  
  31  3:12  Adept  
  35  3:20  Pylon  
  35  3:27  Probe  
  35  3:38  Oracle  
  35  3:39  Probe  
  39  3:55  Probe  
  40  4:02  Gateway  
  38  4:04  Twilight Council  
  38  4:07  Probe (Chrono Boost)  
  39  4:12  Probe (Chrono Boost)  
  40  4:19  Probe (Chrono Boost)  
  40  4:20  Stalker  
  40  4:23  Probe (Chrono Boost)  
  44  4:25  Probe (Chrono Boost)  
  45  4:31  Probe  
  45  4:33  Probe  
  45  4:36  Pylon  
  45  4:38  Blink (Chrono Boost)  
  47  4:43  Probe  
  49  4:45  Probe  
  49  4:48  Stalker  
  51  4:55  Probe  
  51  4:56  Shield Battery  
  51  4:58  Stalker  
  54  5:02  Probe  
  55  5:07  Probe  
  55  5:08  Gateway  
  55  5:13  Robotics Facility  
  56  5:20  Assimilator  
  56  5:23  Assimilator  
  56  5:25  Sentry  
  56  5:26  Probe x2  
  60  5:29  Pylon  
  60  5:33  Stalker  
  62  5:49  Stalker  
  64  5:50  Probe  
  64  5:51  Probe  
  64  5:54  Shield Battery  
  66  5:58  Adept  
  66  6:02  Sentry  
  70  6:14  Stalker  
  70  6:16  Warp Prism  
  74  6:20  Probe x2  
  76  6:27  Nexus  
  72  6:35  Stalker x2  
  76  6:40  Robotics Bay  
  76  6:41  Pylon  
  76  6:42  Stalker  
  78  6:50  Pylon  
  78  6:53  Pylon  
  78  6:57  Pylon  
  78  6:59  Observer, Probe x2  
  76  7:11  Probe x2  
  76  7:12  Shield Battery, Stalker x2  
  82  7:23  Colossus (Chrono Boost), Probe x2  
  82  7:28  Forge  
  90  7:35  Extended Thermal Lance, Probe x2  
  90  7:43  Probe  
  91  7:47  Probe x2  
  91  7:48  Protoss Ground Weapons Level 1 (Chrono Boost)  
  91  7:49  Gateway  
  93  7:52  Sentry, Gateway x2  
  93  7:56  Zealot x2  
  99  7:59  Charge (Chrono Boost)  
  99  8:05  Probe  
  100  8:15  Colossus (Chrono Boost)  
  100  8:18  Zealot x3  
  112  8:22  Photon Cannon  
  104  8:27  Observer  
  104  8:41  Zealot  
  104  8:42  Zealot x2  
  104  8:44  Pylon  
  110  8:54  Colossus (Chrono Boost)  
  110  9:01  Zealot, Stalker x2  
  122  9:02  Zealot  
  122  9:03  Zealot x2  
  126  9:16  Templar Archives  
  126  9:18  Assimilator  
  126  9:19  Assimilator  
  126  9:21  Pylon  
  126  9:24  Stalker x2  
  126  9:26  Stalker  
  126  9:30  Nexus  
  132  9:35  Probe  
  133  9:39  Disruptor, Probe x2  
  139  9:50  Zealot  
  141  10:00  Pylon  
  141  10:01  Pylon x2  
  137  10:07  High Templar x2  
  137  10:11  Archon  
  137  10:13  Pylon  
  141  10:18  Probe x3  
  141  10:19  Photon Cannon  
  141  10:20  Gateway  
  144  10:24  Pylon  
  144  10:25  Stalker x2  
  144  10:26  Stalker x2  
  152  10:31  Disruptor (Chrono Boost)  
  152  10:32  Gateway  
  152  10:35  Probe x3  
  159  10:41  Zealot x2  
  152  10:56  Stalker x2  
  152  10:57  Disruptor (Chrono Boost), Stalker x2  
  152  10:59  Probe x4  
  152  11:02  Zealot x2  
  164  11:17  Stalker  
  164  11:22  Stalker x4  
  164  11:23  Stalker x2  
Show
View Real Time Build Order
Export as new Build Order

Kelazhur Terran 

Build Orders: Reaper Expand 

Get SALT Encoding   

  12  0:00  SCV  
  13  0:12  SCV  
  14  0:17  Supply Depot  
  14  0:24  SCV  
  15  0:38  SCV  
  15  0:39  Barracks  
  16  0:43  Refinery  
  16  0:50  SCV  
  17  1:02  SCV  
  18  1:15  SCV  
  19  1:27  Orbital Command, Reaper  
  20  1:38  Command Center  
  20  1:48  Supply Depot  
  20  1:52  SCV  
  21  1:59  Marine  
  22  2:05  SCV  
  23  2:11  Bunker  
  23  2:17  Barracks Reactor, SCV  
  23  2:20  Barracks  
  24  2:26  Barracks  
  24  2:29  SCV  
  25  2:41  SCV  
  25  2:53  SCV  
  25  2:56  Marine x2  
  28  2:59  Engineering Bay  
  28  3:04  SCV  
  29  3:09  SCV  
  29  3:10  Barracks Tech Lab  
  31  3:14  Barracks Tech Lab, Marine x2  
  31  3:17  Orbital Command  
  31  3:24  SCV  
  30  3:33  Marine x2  
  30  3:34  Marine x2  
  27  3:44  SCV x2  
  29  3:51  Marine x2  
  29  3:55  Marine x2  
  27  3:56  SCV  
  28  4:04  Stimpack  
  28  4:10  Marine x2  
  28  4:11  Combat Shield  
  28  4:12  SCV  
  28  4:13  SCV  
  32  4:19  Marauder  
  32  4:23  Marine  
  35  4:25  SCV  
  35  4:27  Missile Turret  
  33  4:33  Marine, SCV  
  33  4:34  Marine  
  33  4:37  SCV  
  37  4:41  Marine, Marauder  
  37  4:45  SCV  
  41  4:49  SCV  
  41  4:51  Supply Depot  
  41  4:52  Marine  
  43  4:53  Marine  
  43  4:57  SCV  
  43  4:59  Marine  
  46  5:03  Missile Turret  
  46  5:12  SCV x2, Marine x2  
  50  5:14  Supply Depot  
  50  5:15  Marine  
  50  5:17  Marine  
  52  5:24  SCV x2  
  54  5:35  Marine x2  
  54  5:36  Marauder  
  54  5:37  SCV, Supply Depot  
  56  5:48  SCV  
  56  5:49  Marauder  
  57  5:50  SCV  
  57  5:53  Marine x2  
  57  5:57  Marine  
  60  6:00  SCV, Refinery  
  60  6:02  Concussive Shells  
  62  6:10  SCV  
  60  6:12  Marine x2  
  60  6:14  SCV  
  60  6:17  Supply Depot  
  64  6:18  Marauder  
  64  6:20  Marauder  
  64  6:22  SCV  
  64  6:26  SCV  
  61  6:34  Marine, SCV  
  61  6:35  Marine  
  61  6:38  Factory, SCV  
  61  6:39  Marine  
  63  6:41  Marine  
  63  6:46  SCV  
  65  6:48  Refinery  
  65  6:50  SCV  
  65  6:51  Refinery  
  65  6:52  Marine x2  
  68  6:58  SCV  
  60  7:02  SCV  
  60  7:03  Marauder x2  
  60  7:08  Bunker  
  62  7:10  SCV  
  62  7:11  Marine x2  
  62  7:14  SCV  
  65  7:22  SCV  
  64  7:23  Terran Infantry Weapons Level 1, Starport  
  64  7:24  Marauder  
  64  7:25  Marauder  
  64  7:26  SCV  
  64  7:29  Factory Reactor  
  69  7:33  Marine, Supply Depot  
  69  7:34  SCV, Marine  
  71  7:39  SCV  
  72  7:46  Command Center, SCV  
  72  7:47  Marauder  
  72  7:48  Marauder  
  72  7:51  SCV  
  78  7:54  Marine x2  
  78  7:55  Supply Depot  
  80  7:59  SCV  
  80  8:03  SCV  
  82  8:08  Supply Depot, Medivac x2  
  86  8:17  Marauder  
  86  8:19  Marauder, Marine x2  
  88  8:27  Factory Reactor  
  88  8:28  SCV  
  88  8:33  SCV  
  90  8:36  Barracks x2  
  90  8:37  Medivac  
  90  8:38  Marauder, Marine x2, Medivac  
  90  8:40  Marauder  
  100  8:44  SCV  
  100  8:45  Supply Depot, SCV  
  102  8:55  Missile Turret  
  102  8:57  SCV  
  102  9:00  SCV  
  102  9:02  Marauder  
  102  9:04  Marauder  
  101  9:11  Marine  
  101  9:12  Orbital Command, Marine  
  101  9:14  Viking x2  
  101  9:16  SCV  
  108  9:22  Widow Mine x2  
  109  9:26  Barracks Reactor, Marauder  
  109  9:27  SCV  
  112  9:32  Marine x2  
  112  9:33  Marauder  
  112  9:37  SCV  
  115  9:39  Supply Depot  
  115  9:44  Viking x2  
  116  9:47  Marauder  
  116  9:53  SCV  
  116  9:56  Marauder, Marine x2  
  116  9:58  Barracks Tech Lab  
  114  10:07  Marine  
  114  10:08  Marine  
  114  10:09  Widow Mine x2, Marauder  
  114  10:10  Supply Depot  
  114  10:14  Armory  
  122  10:15  Orbital Command  
  122  10:18  Marauder  
  124  10:23  SCV  
  124  10:24  SCV  
  126  10:29  Marauder, Marine x3  
  126  10:30  Marauder  
  133  10:37  Widow Mine x2  
  133  10:41  Marauder  
  116  10:51  Marine x3, Marauder x2  
  117  10:58  Viking  
  117  11:02  Marauder  
  117  11:12  Marauder  
  117  11:13  Marauder  
  117  11:14  Marine x2  
Tags
 
Add a new tag
Caveats
  • Supply blocks, unpowered buildings, or Contaminate may cause inaccurate times.
  • Supply counts are checked every 10 seconds.